Map: Lerilak Crest

Players

LarsJ - Winner!

  • Race: Zerg Zerg
  • League: Bronze

capac

  • Race: Terran Terran
  • League: Gold

VOD

Have the link to the VOD?

Description

Time

  • Played on: March 21, 2016, 3:46 p.m.
  • Length: 20:27
Show
View Real Time Build Order
Export as new Build Order

LarsJ Zerg - Winner!

Build Orders: Hatch First, Muta Ling Bane, Zergling Baneling 

Get SALT Encoding   

  12  0:01  Drone  
  13  0:08  Drone  
  14  0:16  Overlord  
  14  0:35  Drone x3  
  17  0:56  Hatchery  
  16  0:58  Drone  
  16  1:00  Drone  
  18  1:10  Drone  
  19  1:19  Spawning Pool  
  19  1:21  Extractor, Drone  
  18  1:29  Drone  
  19  1:45  Drone  
  20  1:53  Drone  
  21  2:01  Overlord  
  21  2:07  Queen  
  21  2:08  Queen  
  25  2:09  Drone  
  26  2:15  Baneling Nest  
  26  2:17  Drone  
  26  2:24  Overlord  
  26  2:25  Drone  
  27  2:34  Zergling x4  
  29  2:41  Metabolic Boost  
  29  2:44  Drone  
  30  2:45  Extractor  
  30  2:50  Drone  
  30  2:58  Drone  
  31  3:07  Drone  
  31  3:09  Drone x2  
  31  3:12  Drone  
  35  3:21  Drone x2  
  35  3:22  Drone  
  35  3:26  Lair  
  39  3:34  Drone x2  
  39  3:35  Overlord x2  
  40  3:47  Drone  
  40  3:48  Drone x3  
  44  3:53  Zergling x4  
  44  3:54  Zergling x4  
  48  4:08  Drone  
  48  4:09  Drone  
  49  4:21  Zergling x4  
  49  4:22  Zergling x6  
  49  4:23  Baneling x6  
  49  4:24  Baneling x2  
  54  4:26  Zergling x2  
  54  4:27  Zergling x4  
  54  4:30  Extractor x2  
  54  4:31  Drone  
  56  4:34  Centrifical Hooks  
  56  4:57  Spire  
  56  4:59  Hatchery  
  54  5:01  Drone x4  
  54  5:02  Drone  
  54  5:04  Overlord x2  
  54  5:05  Overlord  
  60  5:28  Zergling x4  
  60  5:29  Zergling x6  
  60  5:30  Drone x5  
  69  5:40  Overlord  
  69  6:14  Queen, Drone  
  69  6:16  Overlord x3  
  72  6:27  Queen  
  72  6:31  Mutalisk x3  
  72  6:32  Mutalisk x7  
  86  6:37  Zergling x6  
  97  6:42  Baneling x4  
  97  6:43  Baneling  
  97  6:51  Drone x2  
  97  6:52  Drone  
  89  7:33  Zergling x2  
  89  7:34  Zergling x4  
  92  7:46  Zergling x12  
  92  7:47  Zergling x4  
  100  8:01  Zergling x8  
  65  8:32  Zergling x12  
  65  8:33  Zergling x6  
  72  8:41  Zergling x4  
  72  8:42  Zergling x4  
  65  9:02  Hatchery x2  
  63  9:04  Baneling  
  63  9:05  Hatchery, Baneling x7  
  62  9:28  Zergling x14  
  62  9:29  Zergling x4  
  71  9:44  Mutalisk  
  71  9:45  Mutalisk x4  
  77  9:50  Baneling x5  
  77  9:51  Baneling x5  
  80  10:30  Mutalisk x6  
  80  10:31  Mutalisk x8  
  108  10:38  Evolution Chamber  
  108  10:40  Evolution Chamber  
  108  10:41  Drone x3  
  108  10:42  Drone x3  
  112  11:05  Zergling x12  
  112  11:06  Zergling x2, Drone x4  
  112  11:07  Drone x2  
  112  11:08  Overlord  
  112  11:09  Overlord x3  
  105  11:38  Zergling x8  
  105  11:39  Zergling x16  
  118  11:40  Zergling x8  
  121  11:52  Zergling x8  
  125  12:07  Zergling x10  
  125  12:08  Zergling x2  
  129  12:17  Extractor  
  129  12:19  Extractor  
  129  12:20  Queen  
  123  12:24  Baneling x2  
  123  12:25  Baneling x7  
  123  12:26  Baneling x8  
  123  12:27  Baneling x2  
  124  12:44  Infestation Pit, Drone x3  
  125  12:52  Zergling x12  
  125  12:53  Zergling x12  
  125  12:56  Zerg Ground Armor Level 1  
  136  13:16  Overlord x3  
  136  13:19  Baneling x2  
  136  13:20  Baneling x2  
  102  14:05  Zergling x4  
  102  14:06  Zergling x14  
  102  14:07  Zergling x14  
  102  14:08  Zergling x14  
  117  14:13  Mutalisk  
  111  14:29  Hive  
  111  14:46  Hatchery  
  110  15:09  Zergling x6  
  110  15:10  Zergling x8  
  117  15:20  Baneling x4  
  117  15:21  Baneling x8  
  117  15:22  Baneling x7  
  117  15:23  Baneling x2  
  117  15:24  Zergling x8  
  117  15:25  Zergling x10  
  117  15:26  Overlord  
  126  15:48  Ultralisk Cavern  
  126  15:49  Zerg Ground Armor Level 2  
  125  15:50  Zerg Melee Weapons Level 1  
  125  16:04  Overlord x3  
  121  16:52  Ultralisk x5  
  151  17:02  Drone  
  151  17:03  Drone x2  
  151  17:06  Extractor  
  151  17:07  Extractor  
  148  17:48  Ultralisk x5  
  178  17:54  Zerg Melee Weapons Level 2  
  178  17:56  Chitinous Plating  
  178  17:59  Drone  
  178  18:00  Drone  
  160  18:48  Zergling x6  
  133  19:06  Zergling x14  
  128  19:17  Ultralisk x4  
  127  19:40  Baneling x3  
  127  19:41  Baneling x6  
Show
View Real Time Build Order
Export as new Build Order

capac Terran 

Build Orders: MMM Bio 

Get SALT Encoding   

  12  0:00  SCV  
  13  0:13  SCV  
  14  0:18  Supply Depot  
  14  0:25  SCV  
  15  0:40  SCV  
  15  0:41  Barracks  
  16  0:46  Refinery  
  16  0:52  SCV  
  17  1:04  SCV  
  18  1:16  SCV  
  19  1:28  SCV  
  19  1:30  Reaper  
  21  1:34  Command Center  
  21  1:43  Orbital Command  
  21  1:55  Supply Depot  
  21  2:05  Barracks Reactor  
  21  2:14  Barracks  
  21  2:26  Factory  
  21  2:27  SCV  
  22  2:32  Refinery  
  22  2:39  SCV  
  23  2:47  Marine x2  
  25  2:53  Orbital Command  
  25  2:57  Bunker, SCV  
  25  3:04  Marine  
  25  3:05  Barracks Tech Lab, Marine  
  27  3:12  Factory Tech Lab  
  27  3:14  Starport  
  27  3:18  SCV  
  28  3:22  Marine, SCV  
  30  3:30  Supply Depot  
  30  3:32  Siege Tank  
  33  3:36  SCV  
  33  3:37  SCV  
  35  3:46  Marine x3  
  38  3:48  SCV  
  38  3:52  SCV  
  40  3:57  Medivac  
  40  4:00  SCV  
  43  4:04  Supply Depot  
  43  4:09  Marine x2  
  45  4:10  Marine  
  45  4:16  Siege Tank  
  49  4:21  SCV  
  50  4:27  Marine x2  
  50  4:29  Supply Depot, Marine  
  50  4:30  SCV  
  54  4:33  Refinery, SCV  
  54  4:38  Stimpack  
  55  4:42  Starport Reactor  
  55  4:45  Marine, SCV x2  
  57  4:46  Refinery  
  57  4:52  Supply Depot  
  58  5:04  Marine, Siege Tank  
  58  5:05  Marine x2  
  64  5:09  SCV x2  
  66  5:22  Supply Depot  
  66  5:23  SCV  
  66  5:24  SCV  
  68  5:33  Marine x3  
  71  5:36  SCV x2  
  71  5:38  Barracks  
  71  5:40  Medivac x2  
  77  5:45  Supply Depot  
  77  5:49  SCV x2  
  79  5:59  Liberator x2  
  79  6:05  Marine x3  
  79  6:11  SCV x2  
  84  6:12  Supply Depot  
  84  6:15  Siege Tank  
  93  6:26  Barracks  
  93  6:29  SCV  
  94  6:33  SCV  
  94  6:35  Supply Depot  
  94  6:38  Supply Depot  
  95  6:46  Command Center  
  95  6:47  Siege Tank  
  95  6:49  Marine  
  95  6:50  Marine, Barracks Reactor  
  95  6:51  Combat Shields  
  100  7:01  Liberator x2  
  100  7:14  Marine x3  
  103  7:16  Barracks Reactor  
  96  7:32  Marine  
  90  7:45  Marine x2  
  90  7:46  Marine  
  91  7:51  Liberator  
  91  7:52  Liberator  
  91  8:03  Marine x5  
  91  8:05  Barracks  
  96  8:20  Marine  
  96  8:21  Marine x2  
  91  8:32  Marine x2  
  93  8:38  Marine x2  
  93  8:39  Marine  
  96  8:51  Medivac  
  96  8:52  Medivac  
  100  9:06  Barracks Tech Lab, Marine  
  100  9:07  Engineering Bay, Marine x3  
  100  9:09  Marine x3  
  107  9:11  SCV x2  
  109  9:29  Marine  
  110  9:36  Supply Depot  
  110  9:37  Marine x5  
  110  9:38  SCV x2, Medivac x2  
  121  9:47  Marine x2  
  121  9:50  SCV x2  
  125  9:57  Marine x2, Siege Tank  
  125  9:58  Supply Depot  
  130  10:03  Orbital Command  
  130  10:04  Missile Turret  
  127  10:08  Medivac x2  
  131  10:16  Marine  
  131  10:17  Marine  
  131  10:19  Marine x5  
  138  10:22  Supply Depot  
  138  10:25  Supply Depot  
  138  10:32  Siege Tank  
  141  10:51  Liberator  
  141  10:54  Marine x4  
  141  10:57  Marine x4  
  149  11:04  Supply Depot  
  149  11:05  Supply Depot  
  149  11:07  Siege Tank  
  155  11:12  Marine x3  
  110  12:10  Liberator x2  
  110  12:21  Marine  
  110  12:22  Marine x6  
  113  12:23  Marine  
  122  12:35  Missile Turret  
  122  12:37  Missile Turret  
  122  12:39  Refinery, Marine x2  
  122  12:40  Refinery, Marine x5  
  129  12:58  SCV  
  131  13:04  SCV  
  131  13:05  SCV  
  132  13:28  Marine  
  132  13:29  Marine x6  
  139  13:39  Missile Turret  
  139  13:40  Missile Turret  
  136  13:47  Marine  
  136  13:48  Marine x6  
  134  13:49  Marine  
  91  14:12  Marine x5  
  91  14:13  Marine x3, Liberator x2  
  81  14:30  Marine x6  
  81  14:31  Marine x2  
  92  14:47  Marine  
  92  14:48  Marine x6  
  92  14:49  Marine  
  97  15:05  Marine x2  
  97  15:06  Marine x2  
  101  15:10  Marine x2  
  101  15:14  Liberator x2  
  103  15:26  Marine x3  
  112  15:36  Command Center  
  112  15:56  Liberator  
  112  15:57  Liberator  
  112  16:09  Marine  
  112  16:10  Marine x6  
  112  16:11  Marine  
  122  16:47  Marine x4  
  122  16:48  Marine x4  
  109  17:33  Liberator  
  109  17:34  Liberator, Orbital Command  
  109  17:44  Marine x7  
  110  17:45  Marine  
  123  18:01  Marine  
  123  18:02  Marine x6  
  123  18:03  Marine  
  83  18:55  Marine x2  
  83  18:56  Marine  
Tags
 
Add a new tag
Caveats
  • Supply blocks, unpowered buildings, or Contaminate may cause inaccurate times.
  • Supply counts are checked every 10 seconds.